 Dungeon Crawl Stone Soup version 0.21.1-1-g345015f (webtiles) character file.

711 theblackcape the Summoner (level 7, -1/46 HPs)
             Began as a Barachi Summoner on June 21, 2018.
             Was an Initiate of Sif Muna.
             Shot with an arrow by a centaur (8 damage)
             ... on level 7 of the Dungeon.
             The game lasted 00:37:44 (6607 turns).

theblackcape the Summoner (Barachi Summoner)        Turns: 6607, Time: 00:37:45

Health: -1/46      AC:  6    Str: 10    XL:     7   Next: 68%
Magic:  11/15      EV: 12    Int: 22    God:    Sif Muna [......]
Gold:   362        SH:  0    Dex: 12    Spells: 4/17 levels left

rFire    . . .     SeeInvis .   J - staff of conjuration
rCold    . . .     Gourm    .   (no shield)
rNeg     . . .     Faith    .   q - +1 robe
rPois    .         Spirit   .   (no helmet)
rElec    .         Reflect  .   H - +2 cloak
rCorr    .         Harm     .   (no gloves)
MR       .....                  (no boots)
Stlth    ++........             x - amulet of magic regeneration
HPRegen  0.15/turn              z - ring of wizardry
MPRegen  0.39/turn              y - +5 ring of intelligence

@: slow
A: +LOS, swims, slowness 1, strong legs 1
a: Hop, Renounce Religion


You were on level 7 of the Dungeon.
You worshipped Sif Muna.
Sif Muna was noncommittal.
You were not hungry.

You visited 2 branches of the dungeon, and saw 8 of its levels.

You collected 362 gold pieces.

Inventory:

Hand Weapons
 p - a +0 dagger of venom
 B - a +5 club
Missiles
 e - 8 javelins (quivered)
Armour
 q - a +1 robe (worn)
 H - a +2 cloak (worn)
Magical Staves
 J - an uncursed staff of conjuration (weapon)
Jewellery
 m - a +3 ring of evasion
 x - an amulet of magic regeneration (around neck)
 y - a +5 ring of intelligence (right hand)
 z - a ring of wizardry (left hand)
Wands
 u - a wand of flame (48)
 E - a wand of random effects (33)
Scrolls
 a - a scroll of blinking
 f - 5 scrolls of remove curse
 g - 2 scrolls of enchant armour
 i - a scroll of magic mapping {unknown}
 n - 3 scrolls of teleportation
 t - 2 scrolls of identify
 v - a scroll of enchant weapon {unknown}
 I - a scroll of noise
Potions
 d - a potion of cancellation {unknown}
 h - a potion of ambrosia {unknown}
 k - 4 potions of agility {unknown}
 l - a potion of brilliance {unknown}
 o - 2 potions of heal wounds {unknown}
 r - a potion of mutation {unknown}
 s - a potion of berserk rage {unknown}
 w - a potion of invisibility {unknown}
 A - a potion of lignification {unknown}
 C - 2 potions of might
 D - a potion of flight {unknown}
 F - a potion of resistance {unknown}
 G - a potion of curing {unknown}
 K - a potion of haste {unknown}
Books
 b - a book of Callings

   Spells                             Type                      Level
   a - Summon Small Mammal            Summoning                    1
   b - Call Imp                       Summoning                    2
   c - Call Canine Familiar           Summoning                    3
   d - Summon Guardian Golem          Hexes/Summoning              3
   e - Summon Lightning Spire         Summoning/Air                4
   f - Summon Ice Beast               Ice/Summoning                4
Comestibles
 c - 5 rations
 j - 3 chunks of flesh


   Skills:
 - Level 2.1 Dodging
 - Level 1.7 Stealth
 + Level 5.6 Spellcasting
 * Level 1.8 Hexes
 + Level 8.4 Summonings
 * Level 1.5 Air Magic


You had 4 spell levels left.
You knew the following spells:

 Your Spells              Type           Power        Failure   Level  Hunger
a - Summon Small Mammal   Summ           ####         1%          1    None
b - Call Imp              Summ           #####...     1%          2    None
c - Call Canine Familiar  Summ           #####...     1%          3    ##.....
d - Summon Lightning Spi  Summ/Air       ####....     4%          4    ####...
e - Summon Guardian Gole  Hex/Summ       ####....     1%          3    ##.....


Dungeon Overview and Level Annotations

Branches:
Dungeon (7/15)             Temple (1/1) D:6

Altars:
Ashenzari
Cheibriados
Dithmenos
Elyvilon
Fedhas
Gozag
Kikubaaqudgha
Makhleb
Nemelex Xobeh
Okawaru
Qazlal
Ru
Sif Muna
Trog
Uskayaw
Vehumet
Xom
Yredelemnul
Zin
The Shining One


Innate Abilities, Weirdness & Mutations

Shadows flee at your approach. (+LOS)
You can swim through water.
You cover ground slowly.
You can hop short distances.


Message History

The arrow hits you!
The centaur shoots an arrow.
The arrow hits your crimson imp!
Your crimson imp blinks!
The centaur shoots an arrow.
The arrow closely misses your crimson imp.
The arrow hits you but does no damage.
Your quokka bites the centaur.
Your crimson imp blinks!
The centaur shoots an arrow.
The arrow hits your crimson imp!
Your crimson imp dies!
Your quokka barely misses the centaur.
The centaur shoots an arrow.
The arrow hits you!
Your quokka bites the centaur but does no damage.
The centaur shoots an arrow.
The arrow hits you!
You see here 2 arrows.
Your quokka barely misses the centaur.
The centaur shoots an arrow.
The arrow hits you!
* * * LOW HITPOINT WARNING * * *
Your quokka barely misses the centaur.
The centaur shoots an arrow.
The arrow hits you!
You die...

#########
###########.......#
#r(((@....5...###.#
#c#########...# #5#
#.# #######.####
#.# #...)..<# #.#
#.##.##.# ...
#.##.##.# ...
###....##.# ##.##
#.......#.# #c#
#.#..##.#.#


You could see a centaur, a friendly crimson imp and a friendly quokka.

Vanquished Creatures
  A hound (D:7)
  Jessica (D:2)
  3 worker ants
  A worm (D:4)
  A dart slug (D:3)
  2 orcs (D:3)
  2 giant cockroaches
  2 goblins (D:3)
  3 jackals
  A bat (D:3)
  A kobold (D:2)
  A rat (D:1)
19 creatures vanquished.

Vanquished Creatures (collateral kills)
  A hungry ghost (D:5)
  Eustachio (D:4)
  2 ogres
  The ghost of chorionicmirror the Skirmisher, an amateur DsAK of Lugonu (D:5)
  A bullfrog (D:7)
  3 crimson imps (D:5)
  A howler monkey (D:4)
  A bullfrog skeleton (D:4)
  Ijyb (D:4)
  3 worker ants
  A hound zombie (D:6)
  A hound skeleton (D:5)
  8 gnolls (D:4)
  4 adders
  A shadow imp (D:5)
  An ooze (D:1)
  5 worms
  2 dart slugs (D:1)
  3 leopard geckos
  3 orcs
  3 giant cockroaches
  4 goblins
  10 hobgoblins
  2 jackals
  2 quokkas
  A ball python (D:2)
  4 bats
  6 frilled lizards
  8 kobolds
  A quokka skeleton (D:5)
  A quokka zombie (D:5)
  5 rats
91 creatures vanquished.

Vanquished Creatures (others)
  A giant cockroach (D:1)
1 creature vanquished.

Grand Total: 111 creatures vanquished

Notes
Turn   | Place    | Note
-------+----------+-------------------------------------------
     0 | D:1      | theblackcape the Barachi Summoner began the quest for the Orb.
     0 | D:1      | Reached XP level 1. HP: 13/13 MP: 3/3
    20 | D:1      | Reached skill level 5 in Summonings
    69 | D:1      | Reached XP level 2. HP: 13/19 MP: 1/5
   812 | D:1      | Reached XP level 3. HP: 22/24 MP: 4/6
  1113 | D:2      | Reached skill level 6 in Summonings
  1560 | D:2      | Found a radiant altar of Vehumet.
  1695 | D:2      | Learned a level 2 spell: Call Imp
  1700 | D:2      | Learned a level 3 spell: Call Canine Familiar
  1790 | D:2      | Reached XP level 4. HP: 30/30 MP: 2/7
  1886 | D:2      | Noticed Jessica
  1900 | D:2      | Killed Jessica
  1900 | D:2      | Reached skill level 7 in Summonings
  2944 | D:3      | Noticed an ogre
  2963 | D:3      | Killed an ogre
  2963 | D:3      | Reached XP level 5. HP: 35/35 MP: 0/9
  3087 | D:3      | Found a basalt altar of Yredelemnul.
  3671 | D:4      | Noticed Ijyb
  3718 | D:4      | Killed Ijyb
  3825 | D:4      | Reached XP level 6. HP: 41/41 MP: 9/12
  3915 | D:4      | Noticed Eustachio
  3939 | D:4      | Killed Eustachio
  3939 | D:4      | Reached skill level 5 in Spellcasting
  4215 | D:4      | Found a shimmering altar of Xom.
  4524 | D:5      | Entered Level 5 of the Dungeon
  4588 | D:5      | Learned a level 4 spell: Summon Lightning Spire
  4592 | D:5      | Learned a level 3 spell: Summon Guardian Golem
  4741 | D:5      | Reached XP level 7. HP: 46/46 MP: 14/14
  4769 | D:5      | Reached skill level 8 in Summonings
  4773 | D:5      | Noticed a hungry ghost
  4797 | D:5      | Killed a hungry ghost
  4927 | D:5      | Found a snail-covered altar of Cheibriados.
  4989 | D:5      | Reached skill level 1 in Air Magic
  5036 | D:5      | Noticed chorionicmirror's ghost (amateur DsAK)
  5053 | D:5      | Killed chorionicmirror's ghost
  5053 | D:5      | Reached skill level 1 in Hexes
  5061 | D:5      | Found a shattered altar of Ashenzari.
  5315 | D:5      | Found an ancient bone altar of Kikubaaqudgha.
  5564 | D:6      | Found a staircase to the Ecumenical Temple.
  5673 | D:6      | Found a faded altar of an unknown god.
  5673 | D:6      | Found a deep blue altar of Sif Muna.
  5678 | D:6      | Found a glowing golden altar of the Shining One.
  5680 | D:6      | Found a glowing silver altar of Zin.
  5682 | D:6      | Found a faded altar of an unknown god.
  5781 | D:6      | Became a worshipper of Sif Muna the Loreminder
  5830 | D:6      | Found a glowing golden altar of the Shining One.
  5917 | Temple   | Entered the Ecumenical Temple
  6023 | D:6      | Found a hide-covered altar of Uskayaw.
  6607 | D:7      | Shot with an arrow by a centaur

Skill      XL: |  1  2  3  4  5  6  7 |
---------------+----------------------+-----
Summonings     | 5 6 7 8 |  8.4
Spellcasting   | 3 4 5 |  5.6
Air Magic      | 1 |  1.5
Hexes          | 1 |  1.8
Dodging        | |  2.1
Stealth        | |  1.7

Action                   |  1- 3 |  4- 6 |  7- 9 || total
-------------------------+-------+-------+-------++-------
Melee: Unarmed           |     1 |       |       ||     1
       Hand axe          |    50 |       |       ||    50
       Dagger            |       |    39 |    29 ||    68
       Staff             |       |       |    10 ||    10
 Cast: Summon Small Mamm |    52 |    40 |    12 ||   104
       Call Imp          |     3 |    58 |    22 ||    83
       Call Canine Famil |     1 |     1 |     1 ||     3
       Summon Guardian G |       |       |     2 ||     2
  Use: Scroll            |       |     3 |     6 ||     9
 Stab: Distracted        |       |     2 |       ||     2
       Sleeping          |       |     1 |       ||     1
  Eat: Chunk             |     4 |    12 |     4 ||    20
       Ration            |       |       |     1 ||     1
Armor: Robe              |    13 |     6 |    21 ||    40
Dodge: Dodged            |    70 |    56 |    41 ||   167
